 Dungeon Crawl Stone Soup version 0.26-a0-835-g8259106e14 (webtiles) character file.

Game seed: 18117138298494292172

49 jasper the Slasher (level 3, -1/33 HPs)
             Began as a Palentonga Delver on Nov 17, 2020.
             Slain by an orc (4 damage)
             ... on level 6 of the Dungeon.
             The game lasted 00:01:44 (711 turns).

jasper the Slasher (Palentonga Delver)               Turns: 711, Time: 00:01:45

Health: -1/33      AC:  4    Str: 13 (15) XL:     3   Next: 51%
Magic:  3/3        EV:  9    Int:  9 (10) God:
Gold:   6          SH:  0    Dex: 10 (12) Spells: 2/2 levels left

rFire    . . .     SeeInvis +   a - +0 falchion
rCold    . . .     Faith    .   (no shield)
rNeg     . . .     Spirit   .   b - +0 leather armour
rPois    .         Reflect  .   (no helmet)
rElec    .         Harm     .   (no cloak)
rCorr    .         Rampage  .   (no gloves)
MR       .....                  (no barding)
Stlth    ++........             (no amulet)
HPRegen  0.11/turn              (no ring)
MPRegen  0.08/turn              (no ring)

@: no status effects
A: large, rugged brown scales 3, see invisible, deformed body, roll 1, armoured
tail
a: Rolling Charge


You were on level 6 of the Dungeon.
You visited 1 branch of the dungeon, and saw 2 of its levels.
You also visited: Ossuary.

You collected 6 gold pieces.

Inventory:

Hand Weapons
 a - a +0 falchion (weapon)
Missiles
 f - 10 stones (quivered)
Armour
 b - a +0 leather armour (worn)
Wands
 g - a wand of digging (3)
Scrolls
 c - a scroll of fog
 d - a scroll of magic mapping
 h - a scroll of noise {unknown}
Potions
 e - a potion of degeneration


   Skills:
 - Level 3.0 Fighting
 + Level 4.0 Long Blades
 - Level 1.5 Dodging
 - Level 3.3 Stealth


You had 2 spell levels left.
You didn't know any spells.
Your spell library was empty.

Dungeon Overview and Level Annotations

Branches:
Dungeon (6/15)            Ossuary (visited)
 Temple: D:4-7

Altars:
Sif Muna

Annotations:
D:5 exclusions: door and 1 more exclusion
D:6 exclusion: ogre


Innate Abilities, Weirdness & Mutations

You are completely covered in rugged brown scales. (AC +3, +7% HP)
You have supernaturally acute eyesight. (SInv)
Armour fits poorly on your strangely shaped body.
You can roll at nearby foes to attack.
You have a long armoured tail.


Message History

The orc priest is severely wounded.
The orc priest barely misses you. The orc closely misses you.
You riposte.
You hit the orc.
Your tail-slap misses the orc.
The orc is lightly wounded.
Evoke which item? (* to show all) (? for menu, Esc to quit)
Okay, then.
You hit the orc priest but do no damage.
The orc priest is severely wounded.
The orc misses you. The orc priest hits you with a +0 club.
* * * LOW HITPOINT WARNING * * *
You take 5 damage, and have 3/33 hp.
The orc hits you.
* * * LOW HITPOINT WARNING * * *
You take 1 damage, and have 2/33 hp.
The orc priest calls upon Beogh to heal the orc.
The orc's wounds heal themselves!
You hit the orc.
The orc is heavily wounded.
The orc hits you.
You die...

#oo..###..##.⌠.##....S###
.....[.##.....##....<.###
#..(##[..+...##..##...#
#o#...#+#...#..####.##
#.+⌠.##.##.⌠+..## #..###
##.#.##...##.#...####.#..
#####.o###oo...###(#.........
#......##..#o#..##.##..####..
#.####.#..##@##..#.###.# #>.
#.# #.).###.###....##.####..
>.# ##### #.# ###........#..
.### #.# #.###.##.### O. #..
.... #[...# .# ###
#..S..###### .. #.....# .
#.....# .......


You could see an orc priest and an orc.

Vanquished Creatures
  A centaur zombie (Ossuary)
  A worker ant zombie (D:6)
  2 orcs (D:6)
  A hobgoblin skeleton (Ossuary)
  A quokka zombie (D:5)
  A rat zombie (D:5)
7 creatures vanquished.

Notes
Turn   | Place    | Note
-------+----------+-------------------------------------------
     0 | D:5      | jasper the Palentonga Delver began the quest for the Orb.
     0 | D:5      | Reached XP level 1. HP: 20/20 MP: 1/1
    12 | D:5      | Found a sand-covered staircase.
    34 | Ossuary  | Entered an ossuary
   107 | Ossuary  | Reached skill level 3 in Long Blades
   107 | Ossuary  | Reached XP level 2. HP: 22/27 MP: 2/2
   107 | Ossuary  | Reached XP level 3. HP: 27/33 MP: 3/3
   343 | D:5      | Found a shimmering blue altar of Sif Muna.
   671 | D:6      | Noticed an ogre
   700 | D:6      | Reached skill level 4 in Long Blades
   711 | D:6      | Slain by an orc

Illustrated notes

Levels and vault maps discovered:
D:5:      layout_cave_pools, enter_ossuary_4, led_sif_book
D:6:      layout_rooms, overflow_temple_1_default, slow_altar_1,
          grunt_decor_arrowhead

Skill      XL: |  1  2  3 |
---------------+----------+-----
Long Blades    | 3 4 |  4.0
Fighting       | |  3.0
Dodging        | |  1.5
Stealth        | |  3.3

Action                   || total
-------------------------++-------
Melee: Falchion          ||    35
       Tailslap          ||     8
Throw: Stone             ||     5
  Use: Potion            ||     2
       Scroll            ||     1
Armor: Leather armour    ||     7
Dodge: Dodged            ||    21
       Rpst.: Falchion   ||     8

Table legend: (Time is in decaauts)
 A = Elapsed time spent in this place.
 B = Non-inter-level travel time spent in this place.
 C = Inter-level travel time spent in this place.
 D = Time resting spent in this place.
 E = Time spent auto-exploring this place.
 F = Levels seen in this place.
 G = Mean time per level.
                   A        B        C        D        E       F      G
               +--------+--------+--------+--------+--------+-----+--------+
         Total |    697 |    697 |      0 |    255 |    232 |   3 |  232.3 |
       Dungeon |    553 |    553 |      0 |    203 |    170 |   2 |  276.5 |
       Ossuary |    144 |    144 |      0 |     52 |     62 |   1 |  144.0 |
               +--------+--------+--------+--------+--------+-----+--------+

Top non-repeatable levels by time:
     D:6: 315 daAuts
     D:5: 237 daAuts
 Ossuary: 144 daAuts
